 Dungeon Crawl Stone Soup version 0.16.0-18-g484a79e (webtiles) character file.

7144 RobertPalmer the Summoner (level 11, -5/61 HPs)
             Began as an Octopode Summoner on Mar 22, 2015.
             Was a Believer of Nemelex Xobeh.
             Slain by Harold
             ... wielding a +0 halberd of venom
              (13 damage)
             ... on level 2 of the Lair of Beasts on Mar 23, 2015.
             The game lasted 00:54:48 (13961 turns).

RobertPalmer the Summoner (Octopode Summoner)      Turns: 13961, Time: 00:54:48

Health: -5/61      AC:  1    Str:  7    XL:     11   Next: 10%
Magic:  23/23      EV: 19    Int: 21    God:    Nemelex Xobeh [**....]
Gold:   536        SH:  0    Dex: 16    Spells: 4 memorised, 0 levels left

rFire  . . .     SeeInvis .       - Unarmed
rCold  . . .     Clarity  .     (no shield)
rNeg   . . .     SustAb   .     (helmet restricted)
rPois  .         Gourm    .     (no amulet)
rElec  .         Spirit   .     j - +3 ring of intelligence
rCorr  .         Warding  .     r - +4 ring of evasion
rMut   .         Stasis   .     g - ring of stealth {Stlth+}
MR     .....                    (no ring)
Stlth  +++++++...               (no ring)
                                (no ring)
                                (no ring)
                                (no ring)

@: about to teleport, not resistant to hostile enchantments, extremely stealthy
A: almost no armour, amphibious, 8 rings, constrict 8, camouflage 1, gelatinous
body 1
a: Renounce Religion


You were on level 2 of the Lair of Beasts.
You worshipped Nemelex Xobeh.
Nemelex Xobeh was pleased with you.
You were near starving.

You visited 3 branches of the dungeon, and saw 12 of its levels.

You collected 606 gold pieces.
You spent 70 gold pieces at shops.

Inventory:

Missiles
 m - 23 poisoned needles
Rods
 b - a +0 iron rod (9/10)
   (You found it on level 2 of the Lair of Beasts)
Jewellery
 g - a ring of stealth (on tentacle) {Stlth+}
   (You found it on level 5 of the Dungeon)
 j - a +3 ring of intelligence (left tentacle)
   (You found it on level 1 of the Dungeon)
 r - a +4 ring of evasion (right tentacle)
   (You found it on level 1 of the Dungeon)
 K - an uncursed ring of ice {rC+, rF-}
   (You found it on level 1 of the Lair of Beasts)
Magical devices
 h - a wand of disintegration (9)
   (You found it on level 7 of the Dungeon)
 t - a wand of invisibility (1)
   (You found it on level 3 of the Dungeon)
 F - a wand of digging (9)
   (You took it off Edmund on level 7 of the Dungeon)
 H - a wand of heal wounds (0)
   (You took it off Psyche on level 8 of the Dungeon)
 M - a wand of draining (1)
   (You found it on level 2 of the Lair of Beasts)
Scrolls
 k - 7 scrolls of remove curse
 o - 2 scrolls of immolation {!r}
 u - a scroll of fog
 B - a scroll of enchant armour
 G - 4 scrolls of identify
 J - a scroll of teleportation
Potions
 a - a potion of magic {unknown}
 d - a potion of poison {unknown}
 e - 2 potions of agility {unknown}
 f - a potion of cure mutation {unknown}
 i - 4 potions of curing
 l - a potion of beneficial mutation {unknown}
 p - 2 potions of might {unknown}
 v - a potion of restore abilities {unknown}
 z - 4 potions of flight {unknown}
 A - a potion of ambrosia {unknown}
Books
 x - a book of Callings
 E - a book of Changes
   (You found it on level 7 of the Dungeon)
 L - the Handbook of Dislocation
   (You found it on level 1 of the Lair of Beasts)

   Spells                             Type                      Level
   a - Control Teleport               Charms/Translocation         4
   b - Summon Forest                  Summoning/Translocation      5
   c - Phase Shift                    Translocation                5
Miscellaneous
 D - a plain deck of escape {drawn: 2}
   (Nemelex Xobeh gifted it to you on level 7 of the Dungeon)
 I - a plain deck of escape {drawn: 1}
   (Nemelex Xobeh gifted it to you on level 1 of the Lair of Beasts)
Comestibles
 c - 6 bread rations {@e1}
 s - 6 meat rations {@e2}
 w - 5 fruits
 y - a slice of pizza
 C - 6 beef jerkies


   Skills:
 - Level 4.7 Dodging
 - Level 8.9 Stealth
 + Level 4.8 Unarmed Combat
 - Level 2.0 Spellcasting
 - Level 10.9 Summonings
 - Level 6.2 Transmutations
 - Level 1.4 Ice Magic
 - Level 8.7 Evocations


You couldn't memorise any spells.
You knew the following spells:

 Your Spells              Type           Power        Failure   Level  Hunger
a - Summon Ice Beast      Ice/Summ       ####....     14%         4    #####..
b - Call Canine Familiar  Summ           #####...     1%          3    ###....
c - Ice Form              Ice/Trmt       ###.....     34%         4    #####..
d - Spider Form           Trmt/Pois      ###.......   14%         3    ###....


Dungeon Overview and Level Annotations

Branches:
Dungeon (9/15)             Temple (1/1) D:7            Lair (2/8) D:8
    Orc: D:9-12

Altars:
Ashenzari
Cheibriados
Dithmenos
Elyvilon
Fedhas
Gozag
Kikubaaqudgha
Makhleb
Nemelex Xobeh
Okawaru
Qazlal
Ru
Sif Muna
Trog
Xom
Yredelemnul
Zin
The Shining One

Shops:
D:5 *

Annotations:
D:3 aerikr's ghost, average HOFi
Lair:2 Harold; Nergalle


Innate Abilities, Weirdness & Mutations

You cannot wear most types of armour.
You are amphibious.
You can wear up to eight rings at the same time.
You can use your tentacles to constrict many enemies at once.
Your skin changes colour to match your surroundings (Stealth).
Your rubbery body absorbs attacks (AC +1).


Message History

You are now empty-tentacled.
The helpless river rat fails to defend itself.
You tentacle-slap the river rat but do no damage.
Your grab misses the river rat. The river rat closely misses you.
You tentacle-slap the river rat. You grab the river rat.
You tentacle-slap the river rat, but do no damage.
You constrict the river rat, but do no damage.
The river rat bites you!
You take 7 damage, and have 54/61 hp.
You tentacle-slap the river rat.
You constrict the river rat, but do no damage.
Your ice beast hits the river rat but does no damage.
You barely miss the river rat. You constrict the river rat.
The river rat closely misses you.
Your ice beast barely misses the river rat.
You tentacle-slap the river rat. Your squeeze misses the river rat.
You constrict the river rat. The river rat barely misses you.
Your ice beast hits the river rat but does no damage.
You completely miss the river rat. You constrict the river rat.
The river rat bites you.
Your ice beast hits the river rat.
The river rat dies!
You take 2 damage, and have 52/61 hp.
Your ice beast disappears in a puff of smoke!
You see here a river rat corpse.
You butcher the river rat corpse.
Things that are here:
a poisonous chunk of flesh {@w0}; a river rat skeleton
There is a stone staircase leading up here.
Drop what? 39/52 slots (_ for help) (? for menu, Esc to quit)
You drop a wand of draining {empty}.
You drop a wand of cold {empty}.
MP restored: 23 An adder comes into view.
The adder moves out of view.
z - 4 lumpy golden potions (gained 1)
There are no items here.
You swap places.
The adder bites your wolf.
Your wolf is poisoned.
The adder poisons your wolf!
Your wolf misses the adder. Something misses your wolf.
A chill wind blows around you.
You are near starving!
The adder bites you.
You are poisoned.
The adder poisons you!
Your wolf misses the adder.
You take 2 damage, and have 57/61 hp.
You now have 19/23 mp.
You barely miss the adder. Your grab misses the adder.
You feel sick. The adder bites you but does no damage.
Your wolf bites the adder!
You take 1 damage, and have 56/61 hp.
You closely miss the adder. You grab the adder. You constrict the adder.
Your wolf bites the adder.
The adder closely misses your wolf.
Your ice beast hits the adder.
The adder dies!
You start resting.
You feel sick.
You feel sick. x2
Your wolf looks more healthy.
Your wolf disappears in a puff of smoke!
You feel sick. x3
You are no longer poisoned.
You take 2 damage, and have 54/61 hp.
MP restored: 23 Unknown command.
Your ice beast disappears in a puff of smoke!
A fire drake and Harold come into view.
The fire drake breathes flames at you. The blast of flame hits you!
Harold shouts!
You take 25 damage, and have 31/61 hp.
MASSIVE DAMAGE!!
Drink which item? (? for menu, Esc to quit)
You feel better.
Harold moves out of view.
You regained 11 hp, and now have 42/61 hp.
Okay, then.
Read which item? (? for menu, Esc to quit)
Okay, then.
Unknown command.
Read which item? (? for menu, Esc to quit)
As you read the scroll of teleportation, it crumbles to dust.
You feel strangely unstable. The fire drake breathes flames at you.
The blast of flame hits you!
* * * LOW HITPOINT WARNING * * *
The fire drake closely misses you.
Harold hits you from afar with a halberd of venom!
* * * LOW HITPOINT WARNING * * *
You are lethally poisoned!
You take 40 damage, and have 3/61 hp.
MASSIVE DAMAGE!!
Read which item? (? for menu, Esc to quit)
Okay, then.
Nothing appears to happen.
* * * LOW HITPOINT WARNING * * *
You feel sick. The fire drake closely misses you.
You take 2 damage, and have 1/61 hp.
Okay, then.
Drink which item? (? for menu, Esc to quit)
You feel better.
Harold hits you from afar with a halberd of venom!
You die...
Your body disappears without a glow.

######...
#.@.......
##k# #.@# .
#..# .. ##.#
##...
##P.##.#....
#............
###....#.....
#.#..#......
#.#.........
#...........


You could see Harold and a fire drake.

Vanquished Creatures
  A hydra (Lair:2)
  Joseph (D:7)
  A black mamba (Lair:1)
  A queen ant (Lair:1)
  A spiny frog (Lair:2)
  2 hippogriffs
  A sky beast (D:6)
  A porcupine (Lair:1)
  A water moccasin (Lair:1)
  2 orc warriors (D:6)
  A soldier ant (Lair:1)
  An ogre (D:7)
  A centaur (D:8)
  A crocodile (D:8)
  Duvessa (D:7)
  5 giant frogs
  3 scorpions
  7 wights
  3 crimson imps (D:8)
  Dowan (D:7)
  4 hounds
  3 orc priests
  A giant frog zombie (D:6)
  A giant frog skeleton (D:4)
  2 orc wizards
  A centaur zombie (D:7)
  17 worker ants
  The ghost of 4thArraOfDagon the Firebug, a weakling DrFE (D:5)
  2 worker ant zombies (D:6)
  9 river rats (Lair:1)
  7 adders
  3 shadow imps
  4 worms
  3 orc zombies (D:6)
  An adder skeleton (D:8)
  5 giant geckos
  12 orcs
  12 bats
  A bat skeleton (D:8)
  A bat zombie (D:6)
  8 giant cockroaches
  4 goblins
  6 hobgoblins
  2 jackals (D:4)
  6 kobolds
  7 quokkas
  A ball python (D:4)
  3 giant newts
  A jackal skeleton (D:4)
  An orc skeleton (D:6)
  A quokka skeleton (D:4)
  6 rats
  11 ballistomycetes (D:8)
183 creatures vanquished.

Vanquished Creatures (collateral kills)
  An ugly thing (D:8)
  2 spiny frogs (Lair:1)
  Psyche (D:8)
  A troll (D:8)
  5 soldier ants (Lair:1)
  Edmund (D:7)
  3 water moccasins
  An orc warrior (D:6)
  A phantom (D:8)
  A porcupine (Lair:2)
  2 ice beasts
  4 sky beasts
  4 ogres
  A centaur (D:6)
  3 crocodiles (Lair:1)
  A wyvern skeleton (D:8)
  2 scorpions (D:8)
  9 wights
  A crimson imp (D:7)
  A hound (D:8)
  2 giant frog zombies
  An orc priest (D:8)
  3 orc wizards
  16 worker ants
  A mummy (D:7)
  A worker ant zombie (D:6)
  4 gnolls (D:2)
  8 adders
  6 river rats
  A shadow imp (D:6)
  2 worms
  An adder zombie (D:7)
  20 orcs
  2 bats
  5 goblins
  6 hobgoblins
  5 jackals (D:4)
  4 kobolds
  A quokka (Lair:1)
  A ball python (D:3)
  A giant spore (D:8)
  An orc zombie (D:6)
  2 rats
  2 ballistomycetes (D:8)
141 creatures vanquished.

Vanquished Creatures (others)
  8 wolves
  23 ice beasts
  4 crimson imps
  A quasit (D:8)
  2 orc wizards (D:8)
  17 hounds
  2 shadow imps (D:6)
  8 white imps
  An orc (D:8)
  A bat skeleton (D:7)
  3 giant spores (D:8)
  A rat (D:2)
  4 ballistomycetes (D:8)
75 creatures vanquished.

Grand Total: 399 creatures vanquished

Notes
Turn   | Place    | Note
--------------------------------------------------------------
     0 | D:1      | RobertPalmer, the Octopode Summoner, began the quest for the Orb.
     0 | D:1      | Reached XP level 1. HP: 11/11 MP: 3/3
   219 | D:1      | Reached XP level 2. HP: 12/17 MP: 1/4
   992 | D:1      | Learned a level 2 spell: Call Imp
  1367 | D:2      | Reached XP level 3. HP: 19/21 MP: 6/6
  1408 | D:2      | Reached skill level 5 in Summonings
  1466 | D:2      | HP: 5/21 [poisoned by an adder]
  1473 | D:2      | HP: 4/21 [poisoned by an adder]
  1481 | D:2      | HP: 3/21 [poisoned by an adder]
  2098 | D:2      | Reached XP level 4. HP: 24/27 MP: 7/7
  2914 | D:3      | Learned a level 3 spell: Call Canine Familiar
  2981 | D:3      | Reached skill level 6 in Summonings
  3260 | D:3      | Reached XP level 5. HP: 17/31 MP: 7/9
  3308 | D:3      | Noticed aerikr's ghost (average HOFi)
  3946 | D:4      | Found a blossoming altar of Fedhas.
  3953 | D:4      | Found a glowing silver altar of Zin.
  3954 | D:4      | Found an opulent altar of Gozag.
  4141 | D:4      | Reached XP level 6. HP: 34/36 MP: 10/10
  4324 | D:5      | Entered Level 5 of the Dungeon
  4343 | D:5      | Found Roackar's General Store.
  4359 | D:5      | Bought a potion of heal wounds for 70 gold pieces
  4527 | D:5      | Noticed 4thArraOfDagon's ghost (weakling DrFE)
  4775 | D:5      | Reached skill level 3 in Dodging
  5099 | D:5      | Killed 4thArraOfDagon's ghost
  5366 | D:5      | Reached skill level 4 in Dodging
  5585 | D:5      | Reached XP level 7. HP: 31/41 MP: 4/12
  5655 | D:6      | Found a basalt altar of Yredelemnul.
  5698 | D:6      | Learned a level 4 spell: Summon Ice Beast
  5710 | D:6      | Reached skill level 7 in Summonings
  5785 | D:6      | Noticed a water moccasin
  5814 | D:6      | Killed a water moccasin
  5814 | D:6      | Reached skill level 4 in Stealth
  6002 | D:6      | Reached skill level 1 in Ice Magic
  6015 | D:6      | Reached XP level 8. HP: 40/46 MP: 13/13
  6078 | D:6      | Reached skill level 8 in Summonings
  6240 | D:6      | HP: 4/46 [orc warrior/battleaxe (20)]
  6405 | D:6      | Found a stormy altar of Qazlal.
  6434 | D:6      | Reached skill level 9 in Summonings
  6935 | D:6      | HP: 4/46 [orc warrior/trident (13)]
  7085 | D:6      | Reached skill level 10 in Summonings
  7561 | D:7      | Noticed Duvessa
  7561 | D:7      | Noticed Dowan
  7625 | D:7      | Noticed Joseph
  7641 | D:7      | Killed Joseph
  7641 | D:7      | Reached XP level 9. HP: 28/51 MP: 5/14
  7819 | D:7      | Reached skill level 5 in Stealth
  7851 | D:7      | Found a shadowy altar of Dithmenos.
  7851 | D:7      | Found a bloodstained altar of Trog.
  7864 | D:7      | Found a staircase to the Ecumenical Temple.
  7875 | Temple   | Entered the Ecumenical Temple
  7952 | Temple   | Became a worshipper of Nemelex Xobeh the Trickster
  8017 | D:7      | Received a gift from Nemelex Xobeh
  8045 | D:7      | Reached skill level 6 in Stealth
  8275 | D:7      | Reached skill level 7 in Stealth
  8527 | D:7      | Reached skill level 8 in Stealth
  8703 | D:7      | Killed Dowan
  9002 | D:7      | Killed Duvessa
  9002 | D:7      | Reached skill level 1 in Evocations
  9205 | D:7      | Reached skill level 2 in Evocations
  9364 | D:8      | Noticed Psyche
  9385 | D:8      | Reached skill level 3 in Evocations
  9422 | D:7      | Noticed Edmund
  9429 | D:7      | Killed Edmund
  9470 | D:8      | Reached skill level 4 in Evocations
  9527 | D:8      | Killed Psyche
  9618 | D:8      | Reached skill level 5 in Evocations
  9639 | D:8      | Noticed a green ugly thing
  9647 | D:8      | Killed a green ugly thing
  9647 | D:8      | Reached skill level 6 in Evocations
  9647 | D:8      | Reached XP level 10. HP: 42/56 MP: 13/20
  9787 | D:8      | Reached skill level 7 in Evocations
  9897 | D:8      | Found a staircase to the Lair.
 10586 | D:8      | Reached skill level 8 in Evocations
 10714 | Lair:1   | Entered Level 1 of the Lair of Beasts
 10772 | Lair:1   | Received a gift from Nemelex Xobeh
 10992 | Lair:1   | Found a shadowy altar of Dithmenos.
 11007 | Lair:1   | Identified the Handbook of Dislocation (You found it on level 1 of the Lair of Beasts)
 11016 | Lair:1   | Learned a level 3 spell: Spider Form
 11218 | Lair:1   | Reached skill level 1 in Transmutations
 11285 | Lair:1   | Reached skill level 2 in Transmutations
 11457 | Lair:1   | Noticed a black mamba
 11480 | Lair:1   | Killed a black mamba
 11480 | Lair:1   | Reached skill level 3 in Transmutations
 11491 | Lair:1   | HP: 14/56 [poisoned by a black mamba]
 11497 | Lair:1   | HP: 12/56 [poisoned by a black mamba]
 11503 | Lair:1   | HP: 12/56 [poisoned by a black mamba]
 11511 | Lair:1   | HP: 11/56 [poisoned by a black mamba]
 11817 | Lair:1   | Reached skill level 4 in Transmutations
 12192 | Lair:1   | Reached skill level 5 in Transmutations
 12658 | Lair:1   | Reached skill level 6 in Transmutations
 12678 | Lair:1   | HP: 14/56 [poisoned by a queen ant]
 12684 | Lair:1   | HP: 10/56 [poisoned by a queen ant]
 12690 | Lair:1   | HP: 9/56 [poisoned by a queen ant]
 12696 | Lair:1   | HP: 8/56 [poisoned by a queen ant]
 12704 | Lair:1   | HP: 7/56 [poisoned by a queen ant]
 12993 | Lair:1   | Reached skill level 1 in Unarmed Combat
 13046 | Lair:1   | Reached skill level 2 in Unarmed Combat
 13261 | Lair:1   | Reached skill level 3 in Unarmed Combat
 13261 | Lair:1   | Reached XP level 11. HP: 56/61 MP: 23/23
 13561 | Lair:2   | Learned a level 4 spell: Ice Form
 13567 | Lair:2   | Noticed a four-headed hydra
 13568 | Lair:2   | Noticed Nergalle
 13591 | Lair:2   | Killed a four-headed hydra
 13591 | Lair:2   | Reached skill level 4 in Unarmed Combat
 13803 | Lair:2   | Identified a +0 iron rod (10/10) (You found it on level 2 of the Lair of Beasts)
 13956 | Lair:2   | Noticed Harold
 13959 | Lair:2   | HP: 13/61 [fire drake/blast of flame (30)]
 13959 | Lair:2   | HP: 3/61 [Harold/halberd of venom (10)]
 13960 | Lair:2   | HP: 1/61 [poisoned by Harold]
 13961 | Lair:2   | Slain by Harold

Action                   |  1- 3 |  4- 6 |  7- 9 | 10-12 || total
-------------------------+-------+-------+-------+-------++-------
Melee: Club              |    31 |       |       |       ||    31
       Unarmed           |     6 |       |       |    68 ||    74
       Short sword       |    28 |   116 |     9 |       ||   153
       Dagger            |       |       |   192 |   186 ||   378
 Cast: Summon Small Mamm |    25 |    10 |       |       ||    35
       Call Imp          |     8 |    21 |    19 |     1 ||    49
       Call Canine Famil |       |    15 |    27 |    17 ||    59
       Summon Ice Beast  |       |       |    28 |    48 ||    76
       Spider Form       |       |       |       |    10 ||    10
 Abil: End Transformatio |       |       |       |     3 ||     3
Evoke: Wand              |       |     3 |     9 |     2 ||    14
       Deck              |       |       |       |     3 ||     3
       Rod               |       |       |       |     1 ||     1
  Use: Scroll            |     2 |    14 |     6 |     4 ||    26
       Potion            |       |       |     3 |     2 ||     5
 Stab: Sleeping          |     8 |    15 |    12 |    16 ||    51
       Distracted        |       |     2 |     4 |     2 ||     8
       Invisible         |       |     1 |     4 |       ||     5
  Eat: Chunk             |     4 |    13 |    18 |    22 ||    57
       Pizza             |       |     1 |     2 |       ||     3
       Fruit             |       |       |     2 |       ||     2
       Beef jerky        |       |       |     1 |     3 ||     4

Vault maps used:
D:1:      minmay_arrival_widening_spiral_wide
D:2:      kennysheep_doodads
D:3:      minivault_24, grunt_ministairs_1, minivault_11, kennysheep_boxes
D:4:      grunt_temple_overflow_gold_and_silver, fedhas_altar_1, first_bread
D:5:      serial_shops, shop
D:6:      yredelemnul_altar_generic, lemuel_altar_in_water2
D:7:      gammafunk_temple_overflow_elements, temple_pool_b, serial_undead,
          serial_undead_b, serial_undead_c, serial_undead_f, serial_undead_d,
          grunt_ogre_cave, kennysheep_pointless_box,
          hangedman_abyss_or_decor_passed, uniq_joseph, uniq_edmund,
          uniq_duvessa, uniq_menkaure
D:8:      hangedman_cross_stitches, minmay_misc_feat_cross, uniq_psyche
D:9:      overflow_temple_1_default
Temple:   circular_temple_12
Lair:1:   basic_altar, zaba_antful_of_joy, bh_autumn_forest_stairs
Lair:2:   st_stairs_12, lemuel_fruit_fields, uniq_nergalle, uniq_harold

Table legend:
 A = Turns spent in this place as a percentage of turns spent in the entire game.
 B = Non-inter-level travel turns spent in this place as a percentage of non-inter-level travel turns spent in the entire game.
 C = Inter-level travel turns spent in this place as a percentage of turns spent in this place.
 D = Turns resting spent in this place as a percentage of non-inter-level travel turns spent in this place.
 E = Turns spent auto-exploring this place as a percentage of non-inter-level travel turns spent in this place.
 F = Non-inter-level travel turns spent in this place divided by the number of levels of this place that you've seen.
                   A       B       C       D       E      F
               +-------+-------+-------+-------+-------+----------------------
         Total | 100.0 | 100.0 |   0.2 |   2.2 |   2.6 | 553.5
       Dungeon |  74.9 |  74.9 |   0.3 |   2.0 |   3.0 | 552.6
        Temple |   1.3 |   1.3 |   0.0 |   0.0 |   0.0 |  85.0
          Lair |  23.8 |  23.8 |   0.1 |   2.8 |   1.6 | 792.0
               +-------+-------+-------+-------+-------+----------------------

Table legend:
 A = Kills in this place as a percentage of kills in entire the game.
 B = Kills by you in this place as a percentage of kills by you in the entire game.
 C = Kills by friends in this place as a percentage of kills by friends in the entire game.
 D = Other kills in this place as a percentage of other kills in the entire game.
 E = Experience gained in this place as a percentage of experience gained in the entire game.
 F = Experience gained in this place divided by the number of levels of this place that you have seen.
                   A       B       C       D       E      F
               +-------+-------+-------+-------+-------+----------------------
         Total | 100.0 | 100.0 | 100.0 | 100.0 | 100.0 | 850.5
       Dungeon |  76.0 |  76.2 |  75.5 | 100.0 |  55.4 | 628.0
          Lair |  24.0 |  23.8 |  24.5 |   0.0 |  44.6 | 2277.0
               +-------+-------+-------+-------+-------+----------------------
